[Event "*** Qualifier 2: Titled Tuesday 3|2 Blitz"]
[Site "Chess.com"]
[Date "2017.04.11"]
[Round "5"]
[White "Bugcrusher"]
[Black "Alexander_Moskalenko"]
[Result "0-1"]
[WhiteElo "2396"]
[BlackElo "2646"]
[TimeControl "180+2"]
[EndTime "14:06:11 PDT"]
[Termination "Alexander_Moskalenko won by resignation"]

1. d4 e6 2. c4 d5 3. Nf3 Nf6 4.
Bg5 Nbd7 5. e3 c6 6. Nc3 h6 7. Bh4 g5 8. Bg3 Nh5 9. Be5 Ng7 10.
Bd3 Nxe5 11. Nxe5 Be7 12. Qc2 h5 13. Bg6 O-O 14. Bd3 dxc4 15. Bxc4 c5 16. Rd1 cxd4 17. exd4 a6 18. O-O b5 19. Qe4 Rb8 20. Bd3 f5 21. Qe2 Bb7 22. Rfe1 Qd6 23. a3 Bf6 24. Bb1 Rfe8 25.
Ba2 Rbd8 26. Qf1 h4 27. h3 Qc7 28. Rc1 Bxe5 29. Rxe5 Rxd4 30. Rce1 Qb6 31. Qe2 b4 32. axb4 Rxb4 33. Rb1 g4 34. hxg4 Rxg4 35. Bd5 h3 36.
Rxf5 Rxg2+ 37. Bxg2 exf5 38. Qc4+ Re6 39. Bxh3 Kf8 40.
Rd1 Rg6+ 41. Kf1 Rh6 42. Nd5 Bxd5 43. Rxd5 Rxh3 44. Qc8+ Kf7 45. Qd7+ Kg8 46. Rxf5 Nxf5 47. Qxf5 Qb5+ 48. Qxb5 axb5 0-1

[Event "*** Qualifier 2: Titled Tuesday 3|2 Blitz"]
[Site "Chess.com"]
[Date "2017.04.11"]
[Round "5"]
[White "afgano29"]
[Black "Vrolijk"]
[Result "1-0"]
[WhiteElo "2379"]
[BlackElo "2287"]
[TimeControl "180+2"]
[EndTime "14:06:11 PDT"]
[Termination "afgano29 won by resignation"]

1. e4 e6 2. d4 d5 3. Nc3 Nf6 4.
e5 Nfd7 5. f4 c5 6. Nf3 Nc6 7.
Be3 Qb6 8. a3 cxd4 9. Nxd4 Bc5 10. Na4 Qa5+ 11. c3 Bxd4 12. Bxd4 Nxd4 13. Qxd4 O-O 14.
Bd3 b6 15. Bc2 Ba6 16. Kf2 Rac8 17. Qb4 Qxb4 18. axb4 f6 19. exf6 Rxf6 20. Ke3 Bb7 21. Rhf1 Re8 22. Rae1 Nb8 23. Kd2 Ba6 24. Rf3 Nc6 25.
b3 d4 26. c4 Nxb4 27. Be4 b5 28. cxb5 Bxb5 29. Nc5 Bc6 30. Ra1 Rf7 31. Bxc6 Nxc6 32. Ne4 Rc7 33. Rc1 Ree7 34. Rff1 Nb4 35. Nc5 h6 36. Rfe1 Nd5 37. g3 Ne3 38. Nd3 Nd5 39. Ne5 Nb4 40. Ng6 Red7 41. Rxe6 Rxc1 42. Kxc1 d3 43. f5 d2+ 44. Kd1 Na2 45. Re8+ 1-0

[Event "*** Qualifier 2: Titled Tuesday 3|2 Blitz"]
[Site "Chess.com"]
[Date "2017.04.11"]
[Round "5"]
[White "Ginger_GM"]
[Black "rasmussvane"]
[Result "0-1"]
[WhiteElo "2432"]
[BlackElo "2533"]
[TimeControl "180+2"]
[EndTime "14:06:19 PDT"]
[Termination "rasmussvane won by resignation"]

1. f4 d5 2. e3 Nf6 3. Be2 g6 4.
Nf3 Bg7 5. O-O O-O 6. d3 c5 7. a4 Nc6 8. Ne5 Qc7 9. Nxc6 bxc6 10. Nc3 e5 11. e4 exf4 12. Bxf4 Qb6 13. Be5 Nd7 14. Bxg7 Kxg7 15. Qd2 d4 16. Nd1 c4 17. a5 Qc5 18. a6 Rb8 19. Kh1 cxd3 20. cxd3 Qe7 21.
Ra5 Rb5 22. Rxb5 cxb5 23. Nf2 Ne5 24. Rc1 Bxa6 25. Qa5 Rc8 26. Rxc8 Bxc8 27. Qxb5 Qc7 28. Bd1 Be6 29. h3 Qc1 30. Qxe5+ Kg8 31. Qxd4 a5 32. Qc3 Qe3 33. Kg1 h5 34. d4 Qf4 35. d5 Bd7 36. Qf3 Qd2 37. e5 Qe1+ 38. Kh2 Qxe5+ 39. g3 Qxb2 40. Qe2 Qd4 41. Ne4 Bf5 42. Bc2 a4 43. Qf2 Qxf2+ 44. Nxf2 Bxc2 0-1

[Event "*** Qualifier 2: Titled Tuesday 3|2 Blitz"]
[Site "Chess.com"]
[Date "2017.04.11"]
[Round "5"]
[White "talaicito"]
[Black "luisgui16"]
[Result "0-1"]
[WhiteElo "2010"]
[BlackElo "2125"]
[TimeControl "180+2"]
[EndTime "14:06:20 PDT"]
[Termination "luisgui16 won on time"]

1. e4 g6 2. d4 Bg7 3. Nc3 d6 4. g3 Nc6 5. d5 Nd4 6. Be3 c5 7. Bg2 h5 8. Qd2 Nh6 9. h3 Qa5 10. Nf3 Nxf3+ 11. Bxf3 b5 12. Bg2 b4 13. Ne2 Ba6 14. O-O Bxb2 15. Rab1 Bg7 16. f4 Qxa2 17. e5 Qc4 18. Rfe1 Nf5 19. Bf2 Rd8 20. Nc1 Qb5 21. Ra1 Qb7 22. Nb3 Bb5 23. Na5 Qb6 24. Nc6 Bxc6 25. dxc6 dxe5 26. Qe2 exf4 27. g4 Ne3 28.
Bxe3 fxe3 29. Kh1 Bxa1 30. Qxe3 Bf6 31. g5 O-O 32. gxf6 exf6 33. Qh6 Qc7 34. Rg1 Qg3 35.
Qc1 Rd4 36. Qa1 Rh4 37. Rf1 Rxh3+ 38. Bxh3 Qxh3+ 39. Kg1 Qg4+ 40. Kh1 Qe4+ 41. Kh2 Qxc6 42. Rxf6 Qe4 43. Qf1 Qxc2+ 44. Kh1 Qe4+ 45. Kh2 b3 46. Qf2 Qe5+ 47. Kh1 b2 48. Rxg6+ fxg6 0-1

[Event "*** Qualifier 2: Titled Tuesday 3|2 Blitz"]
[Site "Chess.com"]
[Date "2017.04.11"]
[Round "5"]
[White "Fandorine"]
[Black "OparinGrigoriy"]
[Result "0-1"]
[WhiteElo "2666"]
[BlackElo "2657"]
[TimeControl "180+2"]
[EndTime "14:06:23 PDT"]
[Termination "OparinGrigoriy won by resignation"]

1. e4 c5 2. Nf3 d6 3. d4 cxd4 4.
Nxd4 Nf6 5. Nc3 a6 6. h3 e5 7.
Nde2 h5 8. g3 Be7 9. Bg2 Nbd7 10.
a4 b6 11. Bg5 Bb7 12. O-O Rc8 13. Qd2 O-O 14. Rfd1 Re8 15. Qe3 Ng4 16. hxg4 Bxg5 17. Qf3 hxg4 18. Qxg4 Be7 19. Rac1 Nf6 20. Qf3 Rc4 21.
Qd3 Qc7 22. b3 Rc5 23. Na2 d5 24. exd5 Bxd5 25. Bxd5 Rxd5 26. Qxa6 e4 27. Rxd5 Nxd5 28. Qc4 Qe5 29. Nac3 Nf6 30. Qb5 Bc5 31. b4 e3 32.
bxc5 exf2+ 33. Kf1 bxc5 34. Qc6 Ng4 35. Kg2 Re6 36.
Qa8+ Kh7 37. Rh1+ Rh6 38. Rxh6+ Kxh6 39. Qe4 Qh5 40. Qf4+ g5 41. Qxg4 Qxg4 42. Kxf2 Qb4 43. Ke3 f5 44. Kd3 Kg6 45. Nc1 Qd4+ 0-1

[Event "*** Qualifier 2: Titled Tuesday 3|2 Blitz"]
[Site "Chess.com"]
[Date "2017.04.11"]
[Round "5"]
[White "macko06"]
[Black "sorito"]
[Result "1-0"]
[WhiteElo "2355"]
[BlackElo "2292"]
[TimeControl "180+2"]
[EndTime "14:06:29 PDT"]
[Termination "macko06 won on time"]

1. d4 Nf6 2. Bf4 g6 3. Nc3 Bg7 4. e4 d6 5. Nf3 O-O 6. Be2 Bg4 7. O-O Nc6 8. Be3 Nd7 9. h3 Bxf3 10. Bxf3 e5 11. dxe5 dxe5 12. Qd2 Nd4 13. Bg4 Nf6 14. Be2 Qd7 15. Rad1 Rad8 16. Bd3 Nh5 17. Ne2 Qe6 18.
c3 Nxe2+ 19. Qxe2 Nf4 20. Bxf4 exf4 21. Bb1 Bf6 22. Rxd8 Rxd8 23. Rd1 Re8 24. Qb5 b6 25. Bc2 f3 26. Qd5 Qxd5 27. Rxd5 fxg2 28. Kxg2 Be5 29.
Ba4 Re6 30. Rd7 Kg7 31. Bb3 Rf6 32. f3 h5 33. Bc4 Bd6 34. b4 a5 35. bxa5 bxa5 36.
a4 g5 37. Be2 Bf4 38. Rd5 Rc6 39. c4 Rb6 40. Rxa5 Rb2 41. Kf1 Rb1+ 42. Kf2 Ra1 43. c5 Rc1 44. c6 Rxc6 45. Rd5 Rc3 46. a5 Ra3 47. a6 Be3+ 48. Kg2 Ra2 49. Kf1 Ra1+ 50.
Rd1 Ra2 51. Bc4 Rf2+ 52. Ke1 Rxf3 53. Ke2 Rxh3 54. Rd3 Rh2+ 55. Kxe3 g4 56. a7 Rh3+ 57. Kf4 1-0

[Event "*** Qualifier 2: Titled Tuesday 3|2 Blitz"]
[Site "Chess.com"]
[Date "2017.04.11"]
[Round "5"]
[White "ViIIagra"]
[Black "Gabrielian_Artur"]
[Result "0-1"]
[WhiteElo "2495"]
[BlackElo "2615"]
[TimeControl "180+2"]
[EndTime "14:06:35 PDT"]
[Termination "Gabrielian_Artur won by checkmate"]

1. e4 e5 2. Nf3 Nc6 3. Bc4 Bc5 4. d3 Nf6 5. a4 O-O 6. O-O a6 7. h3 h6 8. c3 Ba7 9. Re1 d6 10. Nbd2 Re8 11. Nf1 Be6 12. Ng3 Qd7 13.
Bxe6 Rxe6 14. Be3 Bxe3 15. Rxe3 d5 16. Re2 Rd8 17. Qb3 b6 18. Rae1 g6 19. h4 dxe4 20. dxe4 Rd6 21. Qc4 a5 22. h5 Kg7 23. hxg6 fxg6 24.
Nh4 Qe6 25. Qb5 Rd1 26. Nf3 R8d6 27. Qa6 Qd7 28. Qb5 Rxe1+ 29. Rxe1 Rd1 30. Qe2 Rd3 31.
Nf1 Nh5 32. g3 Nf6 33. N1d2 Ng4 34. Nc4 h5 35. Nd4 Rxd4 36. cxd4 Nxd4 37. Qd3 Qxa4 38. Kg2 Qb5 39. f3 Nf6 40. Rd1 c5 41. Nxe5 Qxb2+ 42. Rd2 Qc1 43. Qe3 Nh7 44. f4 Nf6 45. f5 Nxe4 46. Rd3 Qc2+ 47. Kh3 Nf2+ 48. Kh4 Nxf5+ 49.
Kg5 Nh3# 0-1

[Event "*** Qualifier 2: Titled Tuesday 3|2 Blitz"]
[Site "Chess.com"]
[Date "2017.04.11"]
[Round "5"]
[White "dolynachess"]
[Black "biostatistician"]
[Result "0-1"]
[WhiteElo "2322"]
[BlackElo "2427"]
[TimeControl "180+2"]
[EndTime "14:06:41 PDT"]
[Termination "biostatistician won by resignation"]

1. c4 Nf6 2. Nc3 g6 3. g3 Bg7 4. Bg2 O-O 5. Nf3 b6 6. d4 Bb7 7. d5 Na6 8. O-O Nc5 9. Re1 Nfe4 10. Nxe4 Nxe4 11. Qc2 f5 12. Ng5 Nxg5 13. Bxg5 Bf6 14. Bh6 Rf7 15. e4 fxe4 16. Bxe4 Bg7 17. Bxg7 Rxg7 18.
Re3 Qf8 19. Rae1 Rf7 20. f4 Re8 21. h4 Qg7 22. Kh2 Qf6 23. Bg2 Ba8 24. b4 Qd4 25. Re5 b5 26. R1e4 Qb6 27. c5 Qf6 28. Re3 a6 29. Bh3 Rd8 30. h5 Bb7 31. Qe2 Kf8 32.
Qd3 Bc8 33. Rg5 Kg7 34. hxg6 hxg6 35. Bf5 Rh8+ 36. Kg2 Qb2+ 37. Re2 Qc1 38. Rxg6+ Kf8 39. Be4 Rh1 40. Rf2 d6 41. Qd4 Qg1+ 42. Kf3 Qe1 43.
Rg5 Rf1 44. Rxf1 Qxf1+ 45. Ke3 Qg1+ 46. Kd3 Qd1+ 47. Ke3 Qg1+ 48. Kd3 Qd1+ 49. Ke3 Qg1+ 50. Kd3 Qb1+ 51. Kc3 Qa1+ 52. Kb3 Qxd4 0-1

[Event "*** Qualifier 2: Titled Tuesday 3|2 Blitz"]
[Site "Chess.com"]
[Date "2017.04.11"]
[Round "5"]
[White "platy3"]
[Black "Kacparov"]
[Result "1/2-1/2"]
[WhiteElo "2645"]
[BlackElo "2591"]
[TimeControl "180+2"]
[EndTime "14:06:46 PDT"]
[Termination "Game drawn - insufficient material"]

1. e4 c5 2. Nf3 Nc6 3. d4 cxd4 4.
Nxd4 e6 5. Nc3 Qc7 6. f4 a6 7. Nxc6 Qxc6 8. Bd3 b5 9. Qe2 Bb7 10. Bd2 Rc8 11. a3 Bc5 12. O-O-O Ne7 13. g4 O-O 14. g5 d5 15. h4 dxe4 16. Nxe4 Nf5 17. Nxc5 Qxc5 18.
Bb4 Qe3+ 19. Qxe3 Nxe3 20. Bxf8 Bxh1 21. Rxh1 Kxf8 22. h5 h6 23. Kd2 Nd5 24. Rf1 Ke7 25.
gxh6 gxh6 26. f5 Nf6 27. fxe6 fxe6 28. a4 Rc5 29. axb5 axb5 30. Rh1 Nxh5 31. Rh4 Kf6 32. Rb4 Ng3 33. Rxb5 Rxb5 34. Bxb5 h5 35. Bc6 h4 36.
Ke3 Ke5 37. b4 Nf5+ 38. Kd3 h3 39. c4 Kd6 40. Ba8 h2 41. c5+ Kc7 42. b5 Ng3 43. b6+ Kb8 44. Bg2 h1=Q 45. Bxh1 Nxh1 46. Kd4 Kb7 47. Ke5 Kc6 48. Kxe6 Ng3 49. b7 Kc7 50. c6 Ne4 51. Ke7 Nc5 52. Ke8 Nxb7 53. cxb7 Kxb7 1/2-1/2

[Event "*** Qualifier 2: Titled Tuesday 3|2 Blitz"]
[Site "Chess.com"]
[Date "2017.04.11"]
[Round "5"]
[White "Generalas"]
[Black "rpragchess"]
[Result "0-1"]
[WhiteElo "2216"]
[BlackElo "2262"]
[TimeControl "180+2"]
[EndTime "14:06:50 PDT"]
[Termination "rpragchess won by resignation"]

1. Nf3 Nf6 2. g3 b5 3. Bg2 Bb7 4. O-O e6 5. c3 c5 6. d4 d5 7. a4 b4 8. dxc5 Bxc5 9. cxb4 Bxb4 10. Qb3 a5 11. Nc3 Ba6 12. Nb5 O-O 13. Bg5 Nbd7 14.
Rfd1 h6 15. Bd2 Bxb5 16. axb5 Bxd2 17. Nxd2 Nc5 18. Qa3 Qb6 19. b4 Nb7 20. e4 Qxb5 21.
exd5 Nxd5 22. bxa5 Rxa5 23. Qf3 Rxa1 24. Rxa1 Qb2 25.
Qd1 Nc3 26. Qe1 Nc5 27. Nc4 Qb4 28. Rc1 Qxc4 29. Rxc3 Qb4 30. Qc1 Nd7 31. Re3 Nf6 32. h3 Qd4 33. Qe1 Rd8 34. Kh2 Qd1 35. Qxd1 Rxd1 36.
f4 Rd2 37. Kg1 Kh7 38. Kf1 Rb2 39. Re2 Rb3 40. Kf2 Nh5 41. Bf3 Nf6 42. Bg2 g5 43. Re3 Rb4 44. fxg5 hxg5 45. Bf1 Nd5 46. Rf3 f5 47.
Bg2 Kg6 48. Rd3 Rb2+ 49. Kg1 Ne7 50. Ra3 Kf6 51. Ra5 Rb6 52. Bf1 e5 53. Bc4 Rc6 54.
Be2 f4 55. gxf4 gxf4 56. Ra6 e4 57. Kf2 Rxa6 58. Bxa6 Ng6 59. Bb7 Kf5 60. Bc8+ Kg5 61. Bb7 e3+ 62. Ke2 Ne5 63. Bg2 Kh4 64. Bf1 Kg3 65. Ke1 f3 66. Kd1 Kf2 67. Bb5 e2+ 0-1

[Event "*** Qualifier 2: Titled Tuesday 3|2 Blitz"]
[Site "Chess.com"]
[Date "2017.04.11"]
[Round "5"]
[White "jcgs1030"]
[Black "nonscitis"]
[Result "1-0"]
[WhiteElo "2288"]
[BlackElo "2333"]
[TimeControl "180+2"]
[EndTime "14:06:50 PDT"]
[Termination "jcgs1030 won by resignation"]

1. e4 c5 2. Nf3 d6 3. d4 cxd4 4.
Nxd4 Nf6 5. Nc3 g6 6. f3 Bg7 7. Be3 O-O 8. Qd2 Nc6 9. O-O-O d5 10. Kb1 Nxd4 11. e5 Nd7 12. Bxd4 Nxe5 13. f4 Ng4 14. Bxg7 Kxg7 15. Nxd5 Be6 16. h3 Nf6 17. Nxf6 exf6 18. Qxd8 Rfxd8 19. Rxd8 Rxd8 20. Bd3 Bd5 21. Rg1 Bc6 22. g3 g5 23. Kc1 Rd4 24. Kd2 h5 25. Ke3 Rd8 26. h4 Kh6 27. Rf1 Re8+ 28. Kd2 g4 29. Re1 Rxe1 30. Kxe1 Kg7 31. Kd2 Kf8 32. Ke3 b6 33. Be4 Bd7 34. Kd4 Ke7 35. c4 Kd6 36. b4 Be6 37. c5+ bxc5+ 38. bxc5+ Kc7 39. a3 a5 40. Bg2 Bd7 41. Bd5 Be6 42. f5 Bxf5 43.
Bxf7 Kd8 44. Bxh5 Ke7 45. Ke3 Be6 46. Kf4 f5 47. Ke5 Bd7 48. Bg6 f4 49. Kxf4 Kf6 50. Bd3 Ke7 51. Be2 Kd8 52. Bxg4 Be8 53. h5 Kc7 54. h6 Bg6 55. Bf5 Bxf5 56. Kxf5 1-0

[Event "*** Qualifier 2: Titled Tuesday 3|2 Blitz"]
[Site "Chess.com"]
[Date "2017.04.11"]
[Round "5"]
[White "GamayevOleg"]
[Black "StarkAst"]
[Result "1/2-1/2"]
[WhiteElo "2387"]
[BlackElo "2341"]
[TimeControl "180+2"]
[EndTime "14:06:51 PDT"]
[Termination "Game drawn by stalemate"]

1. d3 d5 2. e4 dxe4 3. dxe4 Qxd1+ 4. Kxd1 e5 5. Nf3 f6 6. Nfd2 c6 7. f3 Bc5 8. c3 Ne7 9. Kc2 Be6 10. a4 a5 11. Bc4 Bxc4 12. Nxc4 Nd7 13. Nbd2 Nc8 14. Nb3 Ke7 15. Rd1 Bb6 16. Bd2 Ra6 17. Be1 Bc7 18. Rd2 Rd8 19. Rad1 b6 20. Bf2 Nf8 21. Rxd8 Bxd8 22. Ne3 g6 23. Nc4 Ne6 24. Be3 Bc7 25. Na3 Nd6 26. Nd2 Ra8 27. Ndc4 Nxc4 28. Nxc4 b5 29. axb5 cxb5 30. Na3 b4 31. Nc4 bxc3 32. bxc3 Nf4 33. Bxf4 exf4 34. Na3 h5 35. h3 g5 36. Nb5 Be5 37. Ra1 g4 38. hxg4 hxg4 39. Kd3 gxf3 40.
gxf3 Rd8+ 41. Nd4 Ra8 42. Kc4 Kd7 43. Kb5 Rc8 44. Ra3 Rb8+ 45. Kc4 Rb1 46. Rxa5 Rf1 47. Kd5 Rc1 48. Ra7+ Kc8 49. Ra3 Kd7 50. Rb3 Rf1 51. Rb6 Rc1 52. Rc6 Ke7 53. Rc4 Kd7 54. Rc5 Ke7 55. Kc4 Rf1 56. Kd5 Rc1 57. Ra5 Rxc3 58.
Ra7+ Kd8 59. Nc6+ Kc8 60. Nxe5 fxe5 61. Kxe5 Rxf3 62. Rf7 Kd8 63. Rxf4 Ra3 64. Rf7 Ke8 65. Rb7 Ra6 66. Kf5 Rc6 67. e5 Ra6 68. Rh7 Rb6 69.
Rg7 Ra6 70. Rg6 Rxg6 71. Kxg6 Ke7 72. Kf5 Kf7 73. e6+ Ke7 74. Ke5 Ke8 75. Kf6 Kf8 76. Ke5 Ke7 77. Kd5 Ke8 78. Ke5 Ke7 79. Kd5 Ke8 80.
Kd6 Kd8 81. Ke5 Ke7 82. Kd5 Ke8 83. Kd6 Kd8 84. e7+ Ke8 85. Ke6 1/2-1/2

[Event "*** Qualifier 2: Titled Tuesday 3|2 Blitz"]
[Site "Chess.com"]
[Date "2017.04.11"]
[Round "5"]
[White "EvgenyT"]
[Black "gmcorrales"]
[Result "1-0"]
[WhiteElo "2545"]
[BlackElo "2602"]
[TimeControl "180+2"]
[EndTime "14:06:54 PDT"]
[Termination "EvgenyT won by resignation"]

1. Nf3 d5 2. c4 e6 3. g3 Nf6 4.
Bg2 Be7 5. O-O O-O 6. b3 c5 7.
Bb2 Nc6 8. e3 b6 9. Nc3 Bb7 10.
cxd5 Nxd5 11. Nxd5 exd5 12. d4 Bf6 13. Qd2 Qe7 14.
Rac1 Rfd8 15. Rfd1 Nb4 16. dxc5 Bxb2 17. Qxb2 bxc5 18.
a3 Na6 19. Qe5 Qe6 20. Qxe6 fxe6 21. Ne5 Kf8 22. b4 Rac8 23. bxc5 Rxc5 24. Rb1 Bc8 25. Rd4 Ke7 26. Ra4 Rc7 27. Bf1 Nc5 28. Rxa7 Rxa7 29. Nc6+ Kd6 30. Nxa7 Bd7 31. Nb5+ Bxb5 32. Bxb5 Rb8 33. Bd3 Ra8 34. Bxh7 Rxa3 35. Rb8 e5 36. Rd8+ Kc6 37. Bg6 e4 38. Be8+ Kc7 39. Rxd5 Nd3 40. Bg6 Ra2 41. Rf5 Kd6 42. h4 Ne5 43. h5 Nf3+ 44.
Kg2 Ra1 45. Rf4 Rg1+ 46. Kh3 Rh1+ 47. Kg4 Ne5+ 48. Kf5 Nd3 49. Rxe4 Nxf2 50. Re6+ Kd7 51. Ra6 Nd3 52. Ra7+ Kd6 53. Rxg7 Ne5 54. Ra7 Rg1 55.
Ra6+ Nc6 56. Be8 Rxg3 57. Rxc6+ Ke7 58. Re6+ Kf8 59. Bg6 Kg8 60. e4 Kg7 61. Ra6 Kh6 62. e5 Rg5+ 63. Kf4 Rg1 64. Be4+ Kxh5 65. e6 Rf1+ 66.
Ke5 Rf8 67. e7 Rb8 68. Bg6+ Kg5 69. e8=Q 1-0

[Event "*** Qualifier 2: Titled Tuesday 3|2 Blitz"]
[Site "Chess.com"]
[Date "2017.04.11"]
[Round "5"]
[White "TomsKantans"]
[Black "ShimanovAlex"]
[Result "0-1"]
[WhiteElo "2475"]
[BlackElo "2625"]
[TimeControl "180+2"]
[EndTime "14:07:03 PDT"]
[Termination "ShimanovAlex won on time"]

1. e4 c6 2. d4 d5 3. e5 Bf5 4.
Nf3 e6 5. Be2 Ne7 6. O-O c5 7.
Be3 Nec6 8. dxc5 Nd7 9. Nd4 Nxd4 10. Bxd4 Bxc5 11. Bxc5 Nxc5 12. Bb5+ Kf8 13. Nd2 Qb6 14.
a4 a6 15. Be2 Qxb2 16. c4 d4 17. a5 Ke7 18. f4 Rhd8 19. Qe1 Kf8 20. Rf3 d3 21.
Bf1 Qd4+ 22. Kh1 Rac8 23. Rb1 Rc7 24. Qh4 Rcd7 25. Re1 Qc3 26. Qf2 Qxa5 27. h3 h5 28. Rd1 Ne4 29. Nxe4 Bxe4 30. Re3 Bg6 31. g4 hxg4 32.
hxg4 Qc5 33. Rd2 Qxc4 34. f5 exf5 35. gxf5 Bh7 36. e6 Re7 37. Rexd3 Rxd3 38. Bxd3 Qc6+ 39. Kg1 Kg8 40. f6 Rxe6 41. Bxh7+ Kxh7 42. Qh4+ Kg8 43. Rd8+ Re8 44. Rxe8+ Qxe8 45. Qg5 Qe1+ 46. Kg2 Qe2+ 47.
Kg1 Qd1+ 48. Kg2 Qc2+ 49. Kf1 Qb1+ 50. Ke2 Qb2+ 51. Kd3 Qxf6 0-1

[Event "*** Qualifier 2: Titled Tuesday 3|2 Blitz"]
[Site "Chess.com"]
[Date "2017.04.11"]
[Round "5"]
[White "bilelou"]
[Black "Rating-Schmating"]
[Result "1-0"]
[WhiteElo "2347"]
[BlackElo "2248"]
[TimeControl "180+2"]
[EndTime "14:07:14 PDT"]
[Termination "bilelou won by checkmate"]

1. e4 e6 2. d4 d5 3. Nc3 Bb4 4. e5 c5 5. a3 Bxc3+ 6. bxc3 Qc7 7. Qg4 f5 8. Qg3 Nc6 9. Ne2 cxd4 10. cxd4 Nge7 11. Bd2 O-O 12. h4 f4 13. Qf3 Na5 14.
c3 Nb3 15. Rb1 Nxd2 16. Kxd2 Nf5 17. Nxf4 Qa5 18. Bd3 Nxd4 19. Qg4 Nf5 20. Nh5 Qc7 21. Rhe1 Qf7 22. f3 Nh6 23. Qg5 Kh8 24. Rb4 b6 25. Rf4 Nf5 26. Qg4 Bd7 27. Ng3 g6 28. h5 Rg8 29.
Bxf5 gxf5 30. Qh4 Qg7 31. Ne2 Qg5 32. Qxg5 Rxg5 33. g4 Rf8 34. Nd4 Kg8 35. gxf5 exf5 36. e6 Be8 37. e7 Rf7 38. h6 Rf6 39. Re6 Kf7 40. Re5 Rg2+ 41. Ke3 Rg5 42. Kf2 Rh5 43. Kg3 Rg5+ 44. Kf2 Rh5 45. Rxd5 Kxe7 46. Nxf5+ Kf7 47.
Nd6+ Ke7 48. Nxe8 Rxf4 49. Rxh5 Kxe8 50. Rg5 Rh4 51. Rg8+ Kf7 52. Rg7+ Kf6 53. Rxh7 a5 54. Rb7 Ke5 55. Rxb6 Kf4 56. Rf6+ Kg5 57. Rc6 a4 58. Kg3 Rh1 59. f4+ Kf5 60. c4 Rf1 61. h7 Rg1+ 62.
Kh2 Rf1 63. h8=Q Rxf4 64. Rf6+ Ke4 65. Rxf4+ Kd3 66. c5 Ke2 67. c6 Kd1 68. c7 Kc2 69.
c8=Q+ Kb1 70. Qa1+ Kxa1 71. Qc1+ Ka2 72. Rf2+ Kb3 73.
Rf3+ Ka2 74. Qc2+ Ka1 75. Rf1# 1-0

[Event "*** Qualifier 2: Titled Tuesday 3|2 Blitz"]
[Site "Chess.com"]
[Date "2017.04.11"]
[Round "5"]
[White "Th3ChessViking"]
[Black "andreimacovei2000"]
[Result "1-0"]
[WhiteElo "2282"]
[BlackElo "2391"]
[TimeControl "180+2"]
[EndTime "14:07:16 PDT"]
[Termination "Th3ChessViking won by resignation"]

1. d4 Nf6 2. Nf3 g6 3. Bf4 Bg7 4. e3 O-O 5. h3 d6 6. Be2 c5 7. c3 Be6 8. Nbd2 Qb6 9. Qc1 Nc6 10. Nc4 Qd8 11. a4 Na5 12. Nxa5 Qxa5 13. O-O Rac8 14. Qd1 Rfd8 15. Nd2 cxd4 16. exd4 Bd5 17. Bf3 e5 18. Be3 Re8 19. c4 Bxf3 20. Qxf3 e4 21. Qe2 d5 22. c5 Qc7 23. b4 Nh5 24. b5 Nf4 25. Bxf4 Qxf4 26. Qe3 Qh4 27. Nb3 f5 28. f4 exf3 29. Qxf3 Re4 30. Rad1 Rce8 31. c6 b6 32. Kh1 Bf6 33. Rc1 Kg7 34. c7 Rc8 35. a5 Re7 36. axb6 axb6 37. Rc6 Rexc7 38. Qxd5 Qg3 39. Rfc1 Rxc6 40. bxc6 Rc7 41. Rf1 Qc3 42. Rc1 Qg3 43. Qf3 Qd6 44. d5 Re7 45. Rd1 h5 46. Nc1 Re5 47. Ne2 g5 48. Ng3 g4 49. Qxf5 Kh8 50.
Qg6 gxh3 51. gxh3 Rg5 52. Qe8+ Kh7 53. Ne4 Qf4 54. Nxg5+ Bxg5 55. Qd7+ Kh6 56. Qe6+ Kh7 57. Qe2 Qg3 58. Qg2 Qe5 59. Rg1 1-0

[Event "*** Qualifier 2: Titled Tuesday 3|2 Blitz"]
[Site "Chess.com"]
[Date "2017.04.11"]
[Round "5"]
[White "iturrizaga"]
[Black "RitvarsReimanis"]
[Result "1-0"]
[WhiteElo "2650"]
[BlackElo "2416"]
[TimeControl "180+2"]
[EndTime "14:07:18 PDT"]
[Termination "iturrizaga won by resignation"]

1. Nf3 Nf6 2. c4 e6 3. g3 d5 4. Bg2 Be7 5. O-O O-O 6. d4 dxc4 7. Qc2 b5 8. a4 b4 9. Nfd2 c6 10. Nxc4 Qxd4 11. Rd1 Qc5 12. Be3 Qh5 13. h3 Nd5 14. Bd4 b3 15. Qxb3 Ba6 16. Nbd2 Nd7 17. Qf3 Qxf3 18. Bxf3 c5 19. Be5 Nxe5 20. Nxe5 Bf6 21. Nd7 Rfd8 22. Nxc5 Bc8 23. Nc4 Be7 24. Nd3 Ba6 25.
Nde5 Rac8 26. Na5 Nb4 27. Nac6 Nxc6 28. Nxc6 Rxd1+ 29. Rxd1 Bf6 30. Kf1 g6 31. b4 Bc4 32.
Rc1 Ba6 33. Rc5 Rc7 34. Ra5 Bb7 35. Rxa7 Rxc6 36. Rxb7 Rc1+ 37. Kg2 Ra1 38. a5 Bc3 39. Bc6 h5 40. Be8 Kf8 41. Bxf7 Ra2 42. Bxg6 Rxe2 43. Bxh5 Ra2 44. h4 Bd4 45. Rf7+ Kg8 46. Rf4 e5 47. Bf7+ Kg7 48. Bxa2 exf4 49. g4 Bc3 50. a6 Bd4 51. Kf3 Kf6 52. Kxf4 Bxf2 53. g5+ Kg6 54.
Kg4 Kg7 55. h5 Ba7 56. Kf5 Kh8 57. Ke6 Be3 58. Kd7 Bxg5 59. a7 1-0

[Event "*** Qualifier 2: Titled Tuesday 3|2 Blitz"]
[Site "Chess.com"]
[Date "2017.04.11"]
[Round "5"]
[White "Tolya2"]
[Black "Blitzstream"]
[Result "0-1"]
[WhiteElo "2319"]
[BlackElo "2472"]
[TimeControl "180+2"]
[EndTime "14:07:19 PDT"]
[Termination "Blitzstream won by resignation"]

1. Nf3 e6 2. c4 g5 3. h3 Bg7 4. d4 h6 5. Nc3 c5 6. e4 Nc6 7. dxc5 Qa5 8. Be2 Nge7 9. O-O Qxc5 10.
Be3 Qb4 11. Nb5 O-O 12. Rb1 a6 13. Nd6 Ne5 14. a3 Nxf3+ 15. Bxf3 Qa5 16. c5 Nc6 17. Nc4 Qc7 18. b4 Ne5 19. Nd6 Rb8 20. Be2 Nc6 21.
Qd2 Ne7 22. h4 f6 23. e5 fxe5 24. hxg5 hxg5 25. Bxg5 Nf5 26. Rfd1 b6 27. Nxc8 Qxc8 28. Qxd7 Qxd7 29. Rxd7 bxc5 30. Bxa6 cxb4 31. axb4 Nd4 32.
Be3 Nc2 33. b5 Nxe3 34. fxe3 Rb6 35. Rc1 Bh6 36. Rcc7 Bxe3+ 37. Kh2 Rf6 38. Rg7+ Kf8 39. Rh7 Rh6+ 40. Rxh6 Bxh6 41. Kg3 Bf4+ 42. Kf3 Ke8 43. Ke4 Kd8 44. Rh7 Rd6 45. g4 Rd4+ 46. Kf3 Rd3+ 47.
Ke2 Rb3 48. Rg7 e4 49. b6 Rxb6 50. Bc4 Rb2+ 51. Kd1 e3 52. g5 Rd2+ 53. Ke1 Bg3+ 54. Kf1 Rf2+ 55. Kg1 Be5 56. Rg8+ Ke7 57. Rg6 Bd4 58.
Rxe6+ Kd7 59. Kh1 Rc2 60. Bb3 Rb2 61. Bc4 Rc2 62. Bb3 Rc3 63. Ba2 Ra3 64. Bc4 Ra4 65. Bb3 Rb4 66. Ba2 Rb2 67. Bc4 Rb1+ 68. Kg2 Rb4 69. Bd3 Kxe6 70. g6 Kf6 0-1

[Event "*** Qualifier 2: Titled Tuesday 3|2 Blitz"]
[Site "Chess.com"]
[Date "2017.04.11"]
[Round "5"]
[White "MartinMatthiesen"]
[Black "Wolverine_master"]
[Result "1-0"]
[WhiteElo "2252"]
[BlackElo "1975"]
[TimeControl "180+2"]
[EndTime "14:07:19 PDT"]
[Termination "MartinMatthiesen won on time"]

1. d4 Nf6 2. Bg5 Ne4 3. Bf4 c5 4. d5 d6 5. f3 Nf6 6. e4 g6 7. c4 Bg7 8. Nc3 O-O 9. Qd2 Na6 10. Bd3 Nc7 11. Nge2 a6 12. a4 Rb8 13. O-O Bd7 14.
a5 b5 15. axb6 Rxb6 16. Ra2 e6 17. Bc2 exd5 18. exd5 Re8 19. b3 Qc8 20. Ng3 h5 21.
Nce4 Nxe4 22. Nxe4 Be5 23. Bxe5 Rxe5 24. Qh6 Rxe4 25.
Bxe4 Bf5 26. Qf4 Ne8 27. Bxf5 Qxf5 28. Qxf5 gxf5 29. Ra3 Kg7 30. Rfa1 Nc7 31. Kf2 Kf6 32. Ke3 Rb8 33. f4 Re8+ 34. Kf3 h4 35. Rxa6 Nxa6 36. Rxa6 Ke7 37. Ra7+ Kf8 38. Rb7 Kg7 39. g3 hxg3 40.
hxg3 Re4 41. Rd7 Rd4 42. Ke3 Re4+ 43. Kd3 Rd4+ 44. Kc3 Re4 45. Rxd6 Re3+ 46. Kc2 Rxg3 47. Rc6 Rf3 48. Rxc5 Rxf4 49. b4 Re4 50. b5 f4 51. b6 f3 52. b7 f2 53. b8=Q f1=Q 54. Qg3+ Kh6 55. Rc6+ f6 56. Qh2+ Kg6 57. Qg3+ Kh6 58.
Qd3 1-0

[Event "*** Qualifier 2: Titled Tuesday 3|2 Blitz"]
[Site "Chess.com"]
[Date "2017.04.11"]
[Round "5"]
[White "amaidel"]
[Black "Abrito99"]
[Result "1-0"]
[WhiteElo "2458"]
[BlackElo "2317"]
[TimeControl "180+2"]
[EndTime "14:07:28 PDT"]
[Termination "amaidel won on time"]

1. e4 e6 2. d4 d5 3. Nc3 Bb4 4. e5 c5 5. a3 Bxc3+ 6. bxc3 Qa5 7. Bd2 Qa4 8. Qg4 Kf8 9. Qd1 b6 10. Nf3 Ne7 11. Bd3 Ba6 12. Qb1 Nbc6 13. Bxa6 Qxa6 14.
a4 Na5 15. Qb5 Qc8 16. O-O Nc4 17.
a5 a6 18. Qa4 Nxd2 19. Nxd2 b5 20. Qa3 cxd4 21. cxd4 Ra7 22. Nb3 g6 23. Nc5 Kg7 24. Qe3 h6 25. Qf4 Rf8 26. Ra3 Ng8 27. h4 h5 28. g4 hxg4 29. Qxg4 Nh6 30. Qf4 Nf5 31. h5 Rh8 32. Rh3 Qg8 33. Kg2 Kf8 34. Rg1 g5 35. Qd2 g4 36. Rh2 g3 37. Rhh1 Qg4 38. Kf1 Qf3 39.
Qd3 Qf4 40. Rg2 gxf2 41. Rh3 Qxd4 42. Qxd4 Nxd4 43. Rxf2 Nf5 44. Rf4 Ke7 45. Rg4 Rc7 46. Nxa6 Rxc2 47. Nb4 Rc1+ 48. Ke2 Ra1 49. a6 Rc8 50. h6 Nxh6 51. Rxh6 Rb1 52. Rh7 1-0